 Dungeon Sprint DCSS version 0.23.2-1-ga50397a6bc (webtiles) character file.

Game seed: 5999303989370426830

8027 Denreik the Thaumaturge (level 11, 0/90 HPs)
             Began as a Gnoll Earth Elementalist on Apr 14, 2019.
             Was an Initiate of Gozag.
             Splashed by an oklob plant's acid (14 damage)
             ... in the Dungeon (Sprint II: "The Violet Keep of Menkaure") on May 11, 2019.
             The game lasted 01:11:13 (4350 turns).

Denreik the Thaumaturge (Gnoll Earth Elementalist)  Turns: 4350, Time: 01:11:16

Health: 0/90       AC: 15    Str: 12    XL:     11   Next: 24%
Magic:  0/26       EV: 18    Int: 19    God:    Gozag
Gold:   1533       SH:  8    Dex: 19    Spells: 2/32 levels left

rFire    . . .     SeeInvis .   a - +4 spear (venom)
rCold    . . .     Gourm    .   k - +1 buckler {AC+3}
rNeg     + . .     Faith    .   N - quicksilver dragon scales
rPois    +         Spirit   +   (no helmet)
rElec    .         Reflect  .   l - +1 cloak {rPois}
rCorr    .         Harm     .   n - +0 pair of gloves {Dex+3}
MR       ++...     NoTele   +   (no boots)
Stlth    ++++......             y - amulet of guardian spirit
HPRegen  0.25/turn              L - ring of protection from magic
MPRegen  0.20/turn              K - ring of positive energy

@: corroded, gold aura
A: distributed training, fangs 1, strong nose
a: Potion Petition, Call Merchant, Bribe Branch, Renounce Religion


You were in the Dungeon.
You worshipped Gozag.
Gozag was most pleased with you.
You were not hungry.

You visited 1 branch You collected 5400 gold pieces.
You spent 3867 gold pieces at shops.

Inventory:

Hand Weapons
 a - a +4 spear of venom (weapon)
 b - a +0 arbalest {@w1}
Missiles
 d - 37 bolts
 s - 6 stones (quivered)
 v - a throwing net
 I - 44 arrows
Armour
 c - a +0 robe
 e - the +2 leather armour of the Greedy {rF- rCorr Dex+3}
   (You bought it in a shop in the Dungeon)

   It affects your dexterity (+3).
   It makes you vulnerable to fire.
   It provides partial protection from all sources of acid and corrosion.
 k - a +1 buckler of protection (worn)
 l - a +1 cloak of poison resistance (worn)
 n - a +0 pair of gloves of dexterity (worn)
 o - a +0 shield
 t - a +0 cloak
 J - the +1 chain mail "Tozi" {rElec}
   (You bought it in a shop in the Dungeon)

   It insulates you from electricity.
 N - quicksilver dragon scales (worn)
Jewellery
 y - an amulet of guardian spirit (around neck)
 B - an uncursed ring of see invisible
 K - a ring of positive energy (right hand)
 L - a ring of protection from magic (left hand)
Scrolls
 j - 2 scrolls of blinking
 m - 3 scrolls of fear {unknown}
 r - 2 scrolls of random uselessness {unknown}
 A - 4 scrolls of identify
 C - a scroll of immolation {unknown}
 E - 2 scrolls of remove curse {unknown}
 F - a scroll of fog {unknown}
 G - a scroll of magic mapping {unknown}
Potions
 f - a potion of heal wounds
 g - a potion of haste
 h - 3 potions of magic
 i - 2 potions of berserk rage
 q - a potion of might
 u - 3 potions of curing
 w - a potion of brilliance {unknown}
 x - a potion of flight
 z - 4 potions of resistance
 D - a potion of agility {unknown}
 H - 2 potions of lignification {unknown}
Miscellaneous
 M - a phantom mirror
Comestibles
 p - 3 rations


   Skills:
 + Level 9.8 Fighting
 + Level 9.8 Short Blades
 + Level 9.8 Long Blades
 + Level 9.8 Axes
 + Level 9.8 Maces & Flails
 + Level 9.8 Polearms
 + Level 9.8 Staves
 + Level 9.8 Slings
 + Level 9.8 Bows
 + Level 9.8 Crossbows
 + Level 9.8 Throwing
 + Level 9.8 Armour
 + Level 10.8 Dodging
 + Level 10.6 Stealth
 + Level 9.8 Shields
 + Level 9.8 Unarmed Combat
 + Level 11.0 Spellcasting
 + Level 8.3 Conjurations
 + Level 8.3 Hexes
 + Level 8.3 Charms
 + Level 8.3 Summonings
 + Level 8.3 Necromancy
 + Level 8.3 Translocations
 + Level 8.6 Transmutations
 + Level 8.3 Fire Magic
 + Level 8.3 Ice Magic
 + Level 8.3 Air Magic
 + Level 9.9 Earth Magic
 + Level 8.3 Poison Magic
 + Level 10.7 Invocations
 + Level 9.8 Evocations


You had 2 spell levels left.
You knew the following spells:

 Your Spells              Type           Power        Failure   Level  Hunger
a - Sandblast             Erth           #####.       1%          1    None
b - Passwall              Tmut/Erth      #####...     1%          2    None
c - Stone Arrow           Conj/Erth      #####.       1%          3    None
d - Petrify               Tmut/Erth      #####...     2%          4    ##.....
e - Lee's Rapid Deconstr  Erth           #####.....   6%          5    ####...
f - Mephitic Cloud        Conj/Pois/Air  #####...     1%          3    None
g - Blink                 Tloc           N/A          1%          2    None
h - Conjure Flame         Conj/Fire      #####...     1%          3    None
i - Call Imp              Summ           #####...     1%          2    None
j - Venom Bolt            Conj/Pois      #####.....   12%         5    ####...

Your spell library contained the following spells:

 Spells                   Type           Power        Failure   Level  Hunger
 Flame Tongue             Conj/Fire      #####        1%          1    None
 Magic Dart               Conj           ####         1%          1    None
 Slow                     Hex            #####...     1%          2    None
 Throw Flame              Conj/Fire      #####.       1%          2    None
 Alistair's Intoxication  Tmut/Pois      #####...     11%         5    ####...
 Ring of Flames           Chrm/Fire      #####.....   98%         7    #######


Dungeon Overview and Level Annotations

Branches:
Dungeon (1/1)

Altars:
Cheibriados
Dithmenos
Elyvilon
Fedhas
Gozag
Hepliaklqana
Kikubaaqudgha
Makhleb
Nemelex Xobeh
Okawaru
Qazlal
Ru
Sif Muna
Trog
Uskayaw
Vehumet
Wu Jian
Xom
Yredelemnul
Zin
The Shining One
Beogh
Jiyva
Lugonu

Shops:
D [::%%!=!(}?[![*=

Annotations:
D exclusion: oklob plant, Lernaean hydra


Innate Abilities, Weirdness & Mutations

Your experience applies equally to all skills.
You have very sharp teeth.
Your uncanny sense of smell can sniff out nearby items.


Message History

You hit the oklob plant but do no damage.
You bite the oklob plant, but do no damage.
The oklob plant is heavily damaged.
You hit the oklob plant but do no damage.
The oklob plant is heavily damaged.
Your crimson imp hits the oklob plant but does no damage.
You hit the oklob plant.
The oklob plant is heavily damaged.
Your crimson imp hits the oklob plant.
You hit the oklob plant but do no damage.
You bite the oklob plant, but do no damage.
The oklob plant is severely damaged.
You hit the oklob plant.
The oklob plant is severely damaged.
The oklob plant spits acid at you. The splash of acid hits you!!
* * * LOW HITPOINT WARNING * * *
You are splashed with acid!!
You die...
Your body crumbles into a pile of gold.

##.∩.∩.∩..#≈##.###'#
##..∩.∩...#≈#...##.#
##...⌠....'≈'##.'.<.
##........#≈#.####.#
#▓▓▓▓▓▓▓###≈##.###'#
##)$.######≈≈####.#.
#$..#..+^##≈≈≈#..#.
#∩P5$(.#'##'#≈##.#.
#!@$#.##§##.#≈≈##'#
#)..###°○○####○°≈°≈
##+###≈≈°°≈#∆#'○○#+
∆ $##°°°°≈###.°.○.
+###°°○☼○##..○○°°
8!8#+°°☼○≈'°°.°°≈.
#+###°°°°°##.○○○..
}.D##≈○≈○≈###.°.○.
#+ #≈≈≈°°# ####+#


You could see an oklob plant and a friendly crimson imp.

Vanquished Creatures
  A kraken (D)
  An iron elemental (D)
  2 deep trolls (D)
  An orange crystal statue (D)
  A merfolk siren (D)
  A yaktaur (D)
  3 polar bears (D)
  2 tyrant leeches (D)
  A hornet (D)
  12 flying skulls (D)
  3 hippogriffs (D)
  A vampire mosquito (D)
  3 black bears (D)
  5 crocodiles (D)
  9 electric eels (D)
  4 lava snakes (D)
  4 worker ants (D)
  3 worms (D)
  A tentacle (D)
58 creatures vanquished.

Vanquished Creatures (others)
  Menkaure (D)
  21 tentacles (D)
22 creatures vanquished.

Grand Total: 80 creatures vanquished

Notes
Turn   | Place    | Note
-------+----------+-------------------------------------------
     0 | D        | Denreik the Gnoll Earth Elementalist began the quest for
                  | the Orb.
     0 | D        | Reached XP level 1. HP: 13/13 MP: 6/6
     1 | D        | Noticed a worker ant
     1 | D        | Noticed a worker ant
     2 | D        | Noticed a worker ant
     8 | D        | Killed a worker ant
     8 | D        | Reached skill level 1 in Fighting
     8 | D        | Reached skill level 1 in Short Blades
     8 | D        | Reached skill level 1 in Long Blades
     8 | D        | Reached skill level 1 in Axes
     8 | D        | Reached skill level 1 in Maces & Flails
     8 | D        | Reached skill level 1 in Polearms
     8 | D        | Reached skill level 1 in Staves
     8 | D        | Reached skill level 1 in Slings
     8 | D        | Reached skill level 1 in Bows
     8 | D        | Reached skill level 1 in Crossbows
     8 | D        | Reached skill level 1 in Throwing
     8 | D        | Reached skill level 1 in Armour
     8 | D        | Reached skill level 1 in Shields
     8 | D        | Reached skill level 1 in Unarmed Combat
     8 | D        | Reached skill level 5 in Spellcasting
     8 | D        | Reached skill level 1 in Conjurations
     8 | D        | Reached skill level 1 in Hexes
     8 | D        | Reached skill level 1 in Charms
     8 | D        | Reached skill level 1 in Summonings
     8 | D        | Reached skill level 1 in Necromancy
     8 | D        | Reached skill level 1 in Translocations
     8 | D        | Reached skill level 1 in Fire Magic
     8 | D        | Reached skill level 1 in Ice Magic
     8 | D        | Reached skill level 1 in Air Magic
     8 | D        | Reached skill level 1 in Poison Magic
     8 | D        | Reached skill level 1 in Invocations
     8 | D        | Reached skill level 1 in Evocations
     8 | D        | Reached XP level 2. HP: 19/21 MP: 0/8
     8 | D        | Reached XP level 3. HP: 24/26 MP: 0/9
    11 | D        | Reached skill level 5 in Dodging
    16 | D        | Reached XP level 4. HP: 33/34 MP: 3/11
    19 | D        | Killed Menkaure
    82 | D        | Reached skill level 5 in Stealth
    92 | D        | Found a blossoming altar of Fedhas.
    92 | D        | Noticed a crocodile
    93 | D        | Found a white marble altar of Elyvilon.
    93 | D        | Found an opulent altar of Gozag.
    93 | D        | Found a burning altar of Makhleb.
    94 | D        | Killed a crocodile
    94 | D        | Reached XP level 5. HP: 41/41 MP: 10/13
    95 | D        | Found a shadowy altar of Dithmenos.
    95 | D        | Found a corrupted altar of Lugonu.
    96 | D        | Found a snail-covered altar of Cheibriados.
    96 | D        | Found an ancient bone altar of Kikubaaqudgha.
    96 | D        | Found a bloodstained altar of Trog.
    97 | D        | Found a roughly hewn altar of Beogh.
    97 | D        | Found a viscous altar of Jiyva.
    97 | D        | Found a deep blue altar of Sif Muna.
    98 | D        | Found a hazy altar of Hepliaklqana.
    98 | D        | Found a sacrificial altar of Ru.
    99 | D        | Found a shimmering altar of Xom.
   100 | D        | Found a stormy altar of Qazlal.
   100 | D        | Found an ornate altar of the Wu Jian Council.
   100 | D        | Found a sparkling altar of Nemelex Xobeh.
   100 | D        | Found a hide-covered altar of Uskayaw.
   100 | D        | Found a basalt altar of Yredelemnul.
   100 | D        | Found a glowing golden altar of the Shining One.
   101 | D        | Found an iron altar of Okawaru.
   101 | D        | Found a radiant altar of Vehumet.
   101 | D        | Found a glowing silver altar of Zin.
   106 | D        | Noticed an orange crystal statue
   107 | D        | Became a worshipper of Gozag Ym Sagoz the Greedy
   130 | D        | Learned a level 2 spell: Passwall
   134 | D        | Learned a level 3 spell: Stone Arrow
   207 | D        | Learned a level 4 spell: Petrify
   213 | D        | Learned a level 5 spell: Lee's Rapid Deconstruction
   217 | D        | Noticed a crocodile
   221 | D        | Killed a crocodile
   221 | D        | Reached skill level 6 in Spellcasting
   398 | D        | Found Par Yhojy's Gadget Emporium.
   398 | D        | Found Ythuef's Antique Armour Emporium.
   398 | D        | Found Qeepneisk's Distillery.
   398 | D        | Found Selup's Antique Armour Emporium.
   398 | D        | Found Kusosch's Antique Weapon Shoppe.
   398 | D        | Found Wiogih's Jewellery Emporium.
   398 | D        | Found Foletov's Magic Scroll Shoppe.
   398 | D        | Found Qucoeg's Distillery.
   398 | D        | Found Zishotet's General Store.
   405 | D        | Found Joliad's Jewellery Shoppe.
   405 | D        | Found Qonoa's Distillery.
   405 | D        | Noticed a black bear
   409 | D        | Noticed a vampire mosquito
   413 | D        | Killed a vampire mosquito
   413 | D        | Reached skill level 5 in Invocations
   413 | D        | Reached XP level 6. HP: 26/49 MP: 0/15
   554 | D        | Noticed a flying skull
   560 | D        | Found Liereof's Food Emporium.
   560 | D        | Found Gyhexai's Food Shoppe.
   560 | D        | Noticed a black bear
   560 | D        | Noticed a black bear
   560 | D        | Noticed an oklob plant
   561 | D        | Found Acuchys's Book Shoppe.
   561 | D        | Found Igekk's Book Shoppe.
   561 | D        | Found Gaott's Armour Emporium.
   562 | D        | Noticed a hippogriff
   562 | D        | Noticed a hippogriff
   562 | D        | Noticed a hippogriff
   583 | D        | Bought a book of Minor Magic for 280 gold pieces
   587 | D        | Learned a level 3 spell: Mephitic Cloud
   593 | D        | Bought a fine leather armour for 126 gold pieces
   603 | D        | Identified the +2 leather armour of the Greedy {rF- rCorr
                  | Dex+3} (You bought it in a shop in the Dungeon)
   603 | D        | Bought a glowing buckler for 135 gold pieces
   608 | D        | Bought a runed cloak for 135 gold pieces
   630 | D        | Noticed a tyrant leech
   630 | D        | Noticed a tyrant leech
   634 | D        | Noticed a merfolk siren
   672 | D        | Killed a merfolk siren
   672 | D        | Reached skill level 5 in Fighting
   672 | D        | Reached skill level 5 in Short Blades
   672 | D        | Reached skill level 5 in Long Blades
   672 | D        | Reached skill level 5 in Axes
   672 | D        | Reached skill level 5 in Maces & Flails
   672 | D        | Reached skill level 5 in Polearms
   672 | D        | Reached skill level 5 in Staves
   672 | D        | Reached skill level 5 in Slings
   672 | D        | Reached skill level 5 in Bows
   672 | D        | Reached skill level 5 in Crossbows
   672 | D        | Reached skill level 5 in Throwing
   672 | D        | Reached skill level 5 in Armour
   672 | D        | Reached skill level 5 in Shields
   672 | D        | Reached skill level 5 in Unarmed Combat
   672 | D        | Reached skill level 7 in Spellcasting
   672 | D        | Reached skill level 5 in Transmutations
   672 | D        | Reached skill level 5 in Evocations
   672 | D        | Reached XP level 7. HP: 55/56 MP: 0/18
   886 | D        | Learned a level 2 spell: Blink
   896 | D        | Bought a pair of runed gloves for 180 gold pieces
  1072 | D        | Noticed a polar bear
  1077 | D        | Noticed a polar bear
  1078 | D        | Noticed a yaktaur
  1101 | D        | Killed a polar bear
  1101 | D        | Reached XP level 8. HP: 54/64 MP: 8/19
  1114 | D        | Noticed a hornet
  1116 | D        | Killed a polar bear
  1116 | D        | Reached skill level 8 in Spellcasting
  1116 | D        | Reached skill level 5 in Conjurations
  1116 | D        | Reached skill level 5 in Hexes
  1116 | D        | Reached skill level 5 in Charms
  1116 | D        | Reached skill level 5 in Summonings
  1116 | D        | Reached skill level 5 in Necromancy
  1116 | D        | Reached skill level 5 in Translocations
  1116 | D        | Reached skill level 5 in Fire Magic
  1116 | D        | Reached skill level 5 in Ice Magic
  1116 | D        | Reached skill level 5 in Air Magic
  1116 | D        | Reached skill level 5 in Poison Magic
  1256 | D        | Killed a yaktaur
  1263 | D        | Killed a hornet
  1357 | D        | Learned a level 3 spell: Conjure Flame
  1372 | D        | Noticed a polar bear
  1387 | D        | Killed a polar bear
  1387 | D        | Reached XP level 9. HP: 72/72 MP: 7/21
  1482 | D        | Noticed a kraken
  1979 | D        | Learned a level 2 spell: Call Imp
  2005 | D        | Killed a tyrant leech
  2005 | D        | Reached skill level 9 in Spellcasting
  2010 | D        | Killed a tyrant leech
  2060 | D        | Bought a scroll of identify for 22 gold pieces
  2060 | D        | Bought a scroll of identify for 22 gold pieces
  2090 | D        | Identified the Incunabulum of Burning Venom
  2208 | D        | Killed an orange crystal statue
  2400 | D        | Killed a kraken
  2400 | D        | Reached XP level 10. HP: 52/80 MP: 8/23
  2542 | D        | Noticed a deep troll
  2543 | D        | Noticed a deep troll
  2548 | D        | Killed a deep troll
  2556 | D        | Killed a deep troll
  2556 | D        | Reached skill level 10 in Spellcasting
  2659 | D        | Bought the +1 chain mail "Tozi" {rElec} for 258 gold pieces
  3267 | D        | Bought an uncursed ring of positive energy for 220 gold
                  | pieces
  3267 | D        | Bought an uncursed ring of protection from magic for 275
                  | gold pieces
  3277 | D        | Bought a potion of heal wounds for 70 gold pieces
  3286 | D        | Bought a scroll of enchant weapon for 82 gold pieces
  3286 | D        | Bought a scroll of enchant weapon for 82 gold pieces
  3353 | D        | Bought quicksilver dragon scales for 1080 gold pieces
  3378 | D        | Reached skill level 10 in Dodging
  3381 | D        | Reached skill level 10 in Stealth
  3408 | D        | Reached skill level 10 in Invocations
  3532 | D        | Reached XP level 11. HP: 34/89 MP: 8/25
  3927 | D        | Bought a ration for 50 gold pieces
  3927 | D        | Bought a ration for 50 gold pieces
  3930 | D        | Bought a phantom mirror for 420 gold pieces
  3931 | D        | Bought a potion of curing for 30 gold pieces
  3931 | D        | Bought a potion of curing for 30 gold pieces
  3931 | D        | Bought a potion of might for 40 gold pieces
  3934 | D        | Bought 2 potions of resistance for 280 gold pieces
  3942 | D        | Learned a level 5 spell: Venom Bolt
  3962 | D        | Noticed an iron elemental
  3968 | D        | Noticed the 27-headed Lernaean hydra
  4025 | D        | Killed an iron elemental
  4343 | D        | Reached skill level 11 in Spellcasting
  4350 | D        | Splashed by an oklob plant's acid

Skill      XL: |  1  2  3  4  5  6  7  8  9 10 11 |
---------------+----------------------------------+-----
Fighting       | 1 2 3 4 5 6 7 8 9 |  9.8
Short Blades   | 1 2 3 4 5 6 7 8 9 |  9.8
Long Blades    | 1 2 3 4 5 6 7 8 9 |  9.8
Axes           | 1 2 3 4 5 6 7 8 9 |  9.8
Maces & Flails | 1 2 3 4 5 6 7 8 9 |  9.8
Polearms       | 1 2 3 4 5 6 7 8 9 |  9.8
Staves         | 1 2 3 4 5 6 7 8 9 |  9.8
Slings         | 1 2 3 4 5 6 7 8 9 |  9.8
Bows           | 1 2 3 4 5 6 7 8 9 |  9.8
Crossbows      | 1 2 3 4 5 6 7 8 9 |  9.8
Throwing       | 1 2 3 4 5 6 7 8 9 |  9.8
Armour         | 1 2 3 4 5 6 7 8 9 |  9.8
Shields        | 1 2 3 4 5 6 7 8 9 |  9.8
Unarmed Combat | 1 2 3 4 5 6 7 8 9 |  9.8
Spellcasting   | 5 6 7 8 9 10 11 | 11.0
Conjurations   | 1 2 3 4 5 6 7 8 |  8.3
Hexes          | 1 2 3 4 5 6 7 8 |  8.3
Charms         | 1 2 3 4 5 6 7 8 |  8.3
Summonings     | 1 2 3 4 5 6 7 8 |  8.3
Necromancy     | 1 2 3 4 5 6 7 8 |  8.3
Translocations | 1 2 3 4 5 6 7 8 |  8.3
Transmutations | 2 3 4 5 6 7 8 |  8.6
Fire Magic     | 1 2 3 4 5 6 7 8 |  8.3
Ice Magic      | 1 2 3 4 5 6 7 8 |  8.3
Air Magic      | 1 2 3 4 5 6 7 8 |  8.3
Poison Magic   | 1 2 3 4 5 6 7 8 |  8.3
Invocations    | 1 2 3 5 6 7 9 10 | 10.7
Evocations     | 1 2 3 4 5 6 7 8 9 |  9.8
Dodging        | 5 6 7 8 9 10 | 10.8
Stealth        | 5 6 7 8 9 10 | 10.6
Earth Magic    | 6 7 8 9 |  9.9

Action                   |  1- 3 |  4- 6 |  7- 9 | 10-12 || total
-------------------------+-------+-------+-------+-------++-------
Melee: Unarmed           |       |    29 |       |       ||    29
       Bite              |       |     5 |     8 |    12 ||    25
       Spear             |       |       |    58 |   225 ||   283
Throw: Stone             |       |       |       |     2 ||     2
 Cast: Sandblast         |    12 |     9 |     9 |     4 ||    34
       Stone Arrow       |       |    12 |     8 |    15 ||    35
       Petrify           |       |     2 |     3 |       ||     5
       Mephitic Cloud    |       |     1 |    12 |     3 ||    16
       Conjure Flame     |       |       |     3 |       ||     3
       Lee's Rapid Decon |       |       |     3 |     7 ||    10
       Call Imp          |       |       |     2 |    11 ||    13
       Blink             |       |       |     1 |       ||     1
       Venom Bolt        |       |       |       |     1 ||     1
  Use: Potion            |     2 |       |     1 |     8 ||    11
       Scroll            |       |       |     2 |     2 ||     4
 Stab: Confused          |       |       |     6 |     4 ||    10
       Petrified         |       |       |     3 |       ||     3
       Distracted        |       |       |     1 |     4 ||     5
  Eat: Ration            |       |       |     2 |     3 ||     5
Armor: Robe              |     2 |       |       |       ||     2
       Leather armour    |       |     2 |    12 |       ||    14
       Quicksilver drago |       |       |       |    62 ||    62
       Chain mail        |       |       |       |    12 ||    12
Dodge: Dodged            |     8 |     4 |    32 |   141 ||   185
Block: Buckler           |       |       |    10 |    70 ||    80
